 Dungeon Crawl Stone Soup version 0.30.0-29-ga12c61a403 (webtiles) character file.

Game seed: 12161398593385203455

56 ChadusMaximus the Caller (level 3, -9/24 HPs)
             Began as a Barachi Summoner on June 23, 2023.
             Killed by divine providence
             ... invoked by an orc priest
              (14 damage)
             ... on level 3 of the Dungeon.
             The game lasted 00:03:15 (2281 turns).

ChadusMaximus the Caller (Barachi Summoner)         Turns: 2281, Time: 00:03:16

Health: -9/24      AC: 10    Str:  9    XL:     3   Next: 95%
Magic:  7/7        EV:  0    Int: 17    God:
Gold:   93         SH:  0    Dex: 12    Spells: 6/7 levels left

rFire   . . .        c - +0 falchion
rCold   . . .        (no shield)
rNeg    . . .        h - +0 plate armour
rPois   .            (no helmet)
rElec   .            (no cloak)
rCorr   .            (no gloves)
SInv    .            (no boots)
Will    .....        (no amulet) Stlth
                     (no ring)
HPRegen 0.24/turn    (no ring)
MPRegen 0.10/turn

%: no passive effects
@: slow
A: amphibious, slowness 1, strong legs 1, +LOS
a: Hop


You were on level 3 of the Dungeon.
You visited 1 branch of the dungeon, and saw 3 of its levels.

You collected 93 gold pieces.

Inventory:

Hand Weapons
 c - a +0 falchion (weapon)
Armour
 a - a +0 robe
 d - a +0 chain mail
 h - a +0 plate armour (worn)
Scrolls
 e - 3 scrolls of identify {unknown}
 f - a scroll of fog {unknown}
 g - a scroll of noise {unknown}
 i - 3 scrolls of magic mapping {unknown}
 j - 2 scrolls of vulnerability {unknown}
 k - 2 scrolls of teleportation {unknown}
 l - a scroll of immolation {unknown}
Potions
 b - a potion of magic


   Skills:
 + Level 1.2 Long Blades
 - Level 2.1 Dodging
 - Level 1.7 Stealth
 + Level 2.9 Spellcasting
 * Level 5.8 Summonings


You had 6 spell levels left.
You knew the following spells:

 Your Spells              Type           Power      Damage    Failure   Level
a - Summon Small Mammal   Summ           88%        N/A       100%        1

Your spell library contained the following spells:

 Spells                   Type           Power      Damage    Failure   Level
 Magic Dart               Conj           8%         1d3       100%        1
 Call Imp                 Summ           44%        N/A       100%        2
 Searing Ray              Conj           4%         2d4       100%        2
 Call Canine Familiar     Summ           22%        N/A       100%        3
 Summon Guardian Golem    Hex/Summ       12%        N/A       100%        3
 Anguish                  Hex/Necr       1%         N/A       100%        4
 Cause Fear               Hex            1%         N/A       100%        4
 Fulminant Prism          Conj/Hex       1%         3d5       100%        4
 Summon Lightning Spire   Summ/Air       12%        N/A       100%        4
 Enfeeble                 Hex            1%         N/A       100%        7


Dungeon Overview and Level Annotations

Branches:
Dungeon (3/15)

Altars:
Fedhas
Trog

Annotations:
D:2 Sigmund
D:3 Robin


Innate Abilities, Weirdness & Mutations

You are amphibious.
You cover ground slowly.
You can hop short distances.
You have an extended range of vision and can be seen from far away.


Message History

A goblin comes into view. It is wielding a +0 dagger.
The goblin shouts!
A goblin comes into view.
It is wielding a +0 club. 2 goblins and a hobgoblin come into view.
The goblin shouts!
The hobgoblin shouts!
You hear a shout! x2
There are monsters nearby!
Robin and a goblin come into view.
Robin shouts!
The goblin shouts!
You hear a shout!
An orc priest comes into view. It is wielding a +0 club.
A goblin comes into view. It is wielding a +0 club.
The orc priest shouts!
There are monsters nearby!
A goblin comes into view. It is wielding a +0 dagger.
The goblin shouts! x2
Robin throws the goblin at you!
An orc priest comes into view. It is wielding a +0 short sword.
The goblin hits you but does no damage. The goblin hits you with a +0 dagger.
Unknown command.
You barely miss the goblin.
The orc priest calls down the wrath of Beogh upon you.
Beogh smites you! The goblin hits you but does no damage.
A goblin comes into view. It is wielding a +0 club.
The goblin hits you but does no damage.
You barely miss the goblin. The goblin hits you but does no damage.
The goblin hits you with a +0 dagger.
A goblin comes into view. It is wielding a +0 dagger.
The goblin hits you with a +0 club. The goblin hits you but does no damage.
You hit the goblin.
You kill the goblin!
An orc comes into view. It is wielding a +0 dagger.
The goblin hits you with a +0 dagger.
* * * LOW HITPOINT WARNING * * *
The goblin attacks as you move away! The goblin hits you with a +0 dagger.
* * * LOW HITPOINT WARNING * * *
Robin roars a battlecry!
The goblins go into a battle-frenzy!
The orc priest invokes the aid of Beogh against you.
Beogh smites you!
Ouch! That really hurt!
You die... ### #.# gog ........ #.# ggg

#.#...### #.# #g#
...... # #.# #g#
......### #.# #g#
......... .######.#
#g# .....[...
........########g#
.........
.####.........##.#
.........
......#######.##@#
......... ..........#
#.##.###### ###.###.#
#########.#
#.##.##...# #.# #..
#.#
#.........#####.###.#
#.#
###.###...##........#
#.# #.#
#.###>##.###.# #.#
###.####.###.##.###.#
#.#
#...)...............#
#.#
#.#.#.#..###.##.###.#


You could see Robin, an orc priest, a hobgoblin (strong) and 8 goblins.

Vanquished Creatures
  An adder (D:2)
  2 worms (D:2)
  A dart slug (D:1)
  3 ball pythons
  3 endoplasms (D:1)
  3 giant cockroaches
  5 goblins
  6 hobgoblins
  A quokka (D:2)
  3 bats
  4 frilled lizards (D:1)
  2 kobolds
  2 rats (D:1)
36 creatures vanquished.

Notes
Turn   | Place    | Note
-------+----------+-------------------------------------------
     0 | D:1      | ChadusMaximus the Barachi Summoner began the quest for the
                  | Orb.
     0 | D:1      | Reached XP level 1. HP: 13/13 MP: 3/3
    92 | D:1      | Reached skill level 5 in Summonings
   198 | D:1      | Reached XP level 2. HP: 14/19 MP: 5/5
   401 | D:1      | Found a faded altar of an unknown god.
   850 | D:2      | Noticed Sigmund
   957 | D:1      | Reached XP level 3. HP: 6/24 MP: 6/6
  1173 | D:2      | Found a bloodstained altar of Trog.
  1285 | D:2      | HP: 1/24 [poisoned by an adder]
  1286 | D:2      | Reached skill level 1 in Long Blades
  1958 | D:3      | Found a blossoming altar of Fedhas.
  2276 | D:3      | Noticed Robin
  2281 | D:3      | Killed from afar by an orc priest

Illustrated notes

Levels and vault maps discovered:
D:1:      minmay_arrival_open_corners, layout_loops_ring,
          hellmonk_ecumenical_altar_zigzags
D:2:      layout_rooms, basic_altar, minmay_misc_feat_roman, uniq_sigmund
D:3:      layout_loops_ring, grunt_temple_overflow_order_and_chaos_2,
          mainiacjoe_overflow_paths, glass_columns_b, uniq_robin,
          uniq_crazy_yiuf_cottage

Skill      XL: |  1  2  3 |
---------------+----------+-----
Summonings     | 5 |  5.8
Long Blades    | 1 |  1.2
Dodging        | |  2.1
Stealth        | |  1.7
Spellcasting   | |  2.9

Action                     || total
---------------------------++-------
  Melee: Falchion          ||   147
         Punch             ||     2
Ability: Hop               ||     3
 Armour: Chain mail        ||    92
         Plate armour      ||    54
  Dodge: Dodged            ||    46
